 Dungeon Crawl Stone Soup version 0.28-a0-674-gdaf460b524 (webtiles) character file.

Game seed: 15044802204267135479

18 demibob the Destroyer (level 2, -2/26 HPs)
             Began as a Gnoll Wanderer on Oct 17, 2021.
             Slain by an adder (3 damage)
             ... on level 2 of the Dungeon.
             The game lasted 00:01:22 (1118 turns).

demibob the Destroyer (Gnoll Wanderer)              Turns: 1118, Time: 00:01:23

Health: -2/26      AC:  2    Str: 11    XL:     2   Next: 70%
Magic:  2/2        EV: 11    Int: 11    God:
Gold:   80         SH:  0    Dex: 11    Spells: 1/2 levels left

rFire   . . .      SeeInvis .   b - +0 mace
rCold   . . .      Faith    .   (no shield)
rNeg    . . .      Spirit   .   d - +0 robe
rPois   .          Reflect  .   (no helmet)
rElec   .          Harm     .   (no cloak)
rCorr   .          Rampage  .   (no gloves)
Will    .....                   (no boots)
Stlth   ++........              (no amulet)
HPRegen 0.08/turn               (no ring)
MPRegen 0.08/turn               (no ring)

@: no status effects
A: fangs 1, strong nose, distributed training
a: no special abilities


You were on level 2 of the Dungeon.
You visited 1 branch of the dungeon, and saw 2 of its levels.

You collected 80 gold pieces.


Innate Abilities, Weirdness & Mutations

You have very sharp teeth.
Your uncanny sense of smell can sniff out nearby items.
Your experience applies equally to all skills.


   Skills:
 + Level 4.5 Fighting
 + Level 0.5 Short Blades
 + Level 0.5 Long Blades
 + Level 0.5 Axes
 + Level 0.5 Maces & Flails
 + Level 0.5 Polearms
 + Level 0.5 Staves
 + Level 0.5 Slings
 + Level 0.5 Bows
 + Level 0.5 Crossbows
 + Level 0.5 Throwing
 + Level 2.5 Armour
 + Level 0.5 Dodging
 + Level 2.3 Stealth
 + Level 2.5 Shields
 + Level 0.5 Unarmed Combat
 + Level 0.5 Spellcasting
 + Level 8.7 Conjurations
 + Level 0.3 Hexes
 + Level 0.3 Summonings
 + Level 0.3 Necromancy
 + Level 0.3 Translocations
 + Level 0.3 Transmutations
 + Level 0.3 Fire Magic
 + Level 0.3 Ice Magic
 + Level 0.3 Air Magic
 + Level 0.3 Earth Magic
 + Level 0.3 Poison Magic
 + Level 0.6 Invocations
 + Level 0.5 Evocations


You had one spell level left.
You knew the following spells:

 Your Spells              Type           Power      Damage    Failure   Level
m - Magic Dart            Conj           76%        1d6       1%          1

Your spell library contained the following spells:

 Spells                   Type           Power      Damage    Failure   Level
 Searing Ray              Conj           38%        2d5       1%          2
 Dazzling Flash           Conj/Hex       20%        N/A       16%         3
 Fulminant Prism          Conj/Hex       5%         3d7       45%         4
 Iskenderun's Mystic Bla  Conj/Tloc      10%        2d4       45%         4
 Starburst                Conj/Fire      5%         6d4       100%        6

Inventory:

Hand Weapons
 a - a +0 hand crossbow
 b - a +0 mace (weapon)
Missiles
 f - 3 datura-tipped darts (quivered)
 i - 22 bolts
Armour
 d - a +0 robe (worn)
Jewellery
 M - a ring of magical power
Scrolls
 e - a scroll of acquirement {unknown}
 g - 4 scrolls of identify {unknown}
 h - a scroll of teleportation {unknown}
 j - 4 scrolls of blinking {unknown}

Dungeon Overview and Level Annotations

Branches:
Dungeon (2/15)

Altars:

.........# .. ∆
....>..(.# ...
r........# ..:
.........### .#
...........# .
.......((...# #
#.########...#
#######.#.....##S###
........#.###.##@#
........#...#....#
..........#.######
................#
..........#.###.#
####÷#....#.....#
####÷####.#######
...#......# #.#
..........###.#


You could see an adder.


Message History

You feel very sick.
You feel sick.
You shoot a bolt. The bolt misses the adder.
You feel sick. The adder bites you.
* * * LOW HITPOINT WARNING * * *
The adder barely misses you.
You are too injured to fight recklessly!
You are too injured to fight recklessly!
You are too injured to fight recklessly!
Unknown command.
Unknown command.
b - a +0 mace (weapon)
You feel sick. The adder bites you.
* * * LOW HITPOINT WARNING * * *
You aren't carrying any potions.
You sock the adder!
The adder is severely wounded.
You feel sick. The adder closely misses you. The adder barely misses you.
You barely miss the adder.
The adder is heavily wounded.
* * * LOW HITPOINT WARNING * * *
You feel sick. The adder bites you.
* * * LOW HITPOINT WARNING * * *
You hit the adder.
The adder is severely wounded.
* * * LOW HITPOINT WARNING * * *
You feel sick.
You are no longer poisoned.
The adder closely misses you. The adder bites you.
You die...

Action                   || total
-------------------------++-------
Melee: Mace              ||    27
       Bite              ||     1
 Fire: Hand crossbow     ||    21
  Use: Potion            ||     1
 Stab: Sleeping          ||     1
Armor: Robe              ||     5
       Skin              ||     2
Dodge: Dodged            ||    30

Levels and vault maps discovered:
D:1:      shiori_arrival_whats_in_store_for_you, layout_basic, minivault_11,
          minmay_tree_intersection, minmay_misc_feat_secret_circle,
          minmay_misc_feat_pillars
D:2:      layout_basic, minivault_24, kennysheep_generic_room_5

Notes
Turn   | Place    | Note
-------+----------+-------------------------------------------
     0 | D:1      | demibob the Gnoll Wanderer began the quest for the Orb.
     0 | D:1      | demibob set off with the following items: a +0 hand
                  | crossbow, 27 bolts, a potion of lignification, a +0 robe;
                  | and the following spell memorised: Magic Dart; and the
                  | following spells available to memorise: Searing Ray,
                  | Dazzling Flash, Fulminant Prism, Iskenderun's Mystic Blast
     0 | D:1      | Reached XP level 1. HP: 20/20 MP: 1/1
     2 | D:1      | Noticed a felid
     6 | D:1      | Noticed an ogre
     7 | D:1      | Noticed a human
    11 | D:1      | Noticed a minotaur skeleton
    18 | D:1      | Noticed a vine stalker
   400 | D:1      | Reached XP level 2. HP: 19/26 MP: 2/2
  1117 | D:2      | HP: 2/26 [adder (1)]
  1118 | D:2      | Slain by an adder

Vanquished Creatures
  A dart slug (D:2)
  An endoplasm (D:2)
  2 giant cockroaches (D:1)
  2 hobgoblins
  3 jackals (D:2)
  4 bats (D:1)
  2 rats (D:2)
15 creatures vanquished.

Table legend: (Time is in decaauts)
 A = Elapsed time spent in this place.
 B = Non-inter-level travel time spent in this place.
 C = Inter-level travel time spent in this place.
 D = Time resting spent in this place.
 E = Time spent auto-exploring this place.
 F = Levels seen in this place.
 G = Mean time per level.
                   A        B        C        D        E       F      G
               +--------+--------+--------+--------+--------+-----+--------+
         Total |   1133 |   1102 |     31 |    206 |    765 |   2 |  566.5 |
       Dungeon |   1133 |   1102 |     31 |    206 |    765 |   2 |  566.5 |
               +--------+--------+--------+--------+--------+-----+--------+

Top non-repeatable levels by time:
     D:1: 717 daAuts
     D:2: 415 daAuts

Table legend:
 A = Non-vault XP
 B = Vault XP
 C = Vault XP percentage of total XP
 D = Non-vault monster count
 E = Vault monster count
 F = Vault count percentage of total count
                 A         B        C        D         E       F
            +---------+---------+-------+---------+---------+-------
      Total |      27 |       0 |   0.0 |      15 |       0 |   0.0
            +---------+---------+-------+---------+---------+-------
        D:1 |      11 |       0 |   0.0 |       7 |       0 |   0.0
        D:2 |      16 |       0 |   0.0 |       8 |       0 |   0.0
            +---------+---------+-------+---------+---------+-------
